 Dungeon Crawl Stone Soup version 0.20-a0-1085-g627af9b (webtiles) character file.

817 MatthieuS the Covered (level 7, -4/43 HPs)
             Began as a Gargoyle Fighter on May 1, 2017.
             Slain by an ogre
             ... wielding a +0 giant spiked club
              (10 damage)
             ... on level 4 of the Dungeon.
             The game lasted 00:12:06 (4856 turns).

MatthieuS the Covered (Gargoyle Fighter)            Turns: 4856, Time: 00:12:06

Health: -4/43      AC: 19    Str: 21    XL:     7   Next: 94%
Magic:  7/7        EV:  4    Int:  8    God:
Gold:   223        SH: 10    Dex: 20    Spells: 6/6 levels left

rFire    . . .     SeeInvis .   w - +0 hunting sling
rCold    . . .     Gourm    .   c - +0 shield
rNeg     + . .     Faith    .   f - +0 plate armour
rPois    ∞         Spirit   .   u - +0 helmet
rElec    +         Reflect  .   (no cloak)
rCorr    .         Harm     .   (no gloves)
MR       .....                  (no boots)
Stlth    ..........             (no amulet)
Regen    0.2/turn               g - +6 ring of dexterity
MPRegen  0.1/turn               l - +4 ring of dexterity

@: no status effects
A: negative energy resistance 1, electricity resistance, unbreathing,
petrification resistance, rot immunity, AC +4
a: no special abilities


You were on level 4 of the Dungeon.
You were not hungry.

You visited 1 branch of the dungeon, and saw 4 of its levels.

You collected 223 gold pieces.

Inventory:

Hand Weapons
 a - a +0 trident
 w - a +0 hunting sling (weapon)
Missiles
 q - 51 sling bullets (quivered)
Armour
 c - a +0 shield (worn)
 f - a +0 plate armour (worn)
 u - a +0 helmet (worn)
Jewellery
 g - a +6 ring of dexterity (left hand)
 h - an uncursed ring of positive energy
 l - a +4 ring of dexterity (right hand)
Scrolls
 e - 11 scrolls of identify {unknown}
 k - a scroll of fog {unknown}
 m - 3 scrolls of remove curse {unknown}
 n - a scroll of immolation {unknown}
 o - a scroll of blinking {unknown}
 r - 2 scrolls of magic mapping {unknown}
 x - 2 scrolls of teleportation {unknown}
 y - a scroll of fear {unknown}
 A - a scroll of enchant armour {unknown}
 C - a scroll of recharging {unknown}
Potions
 d - a potion of might
 i - a potion of degeneration {unknown}
 j - a potion of agility {unknown}
 s - a potion of mutation {unknown}
 t - a potion of curing
 v - a potion of haste {unknown}
 B - 2 potions of lignification {unknown}
 D - a potion of heal wounds {unknown}
Comestibles
 b - 4 fruits
 p - a meat ration
 z - 9 chunks of flesh
 E - a bread ration


   Skills:
 - Level 4.1 Fighting
 - Level 3.3 Polearms
 + Level 4.2 Slings
 + Level 7.1 Armour
 - Level 3.2 Shields


You had 6 spell levels left.
You didn't know any spells.

Dungeon Overview and Level Annotations

Branches:
Dungeon (4/15)
 Temple: D:4-7

Altars:
Sif Muna
Uskayaw
Zin


Innate Abilities, Weirdness & Mutations

You are resistant to torment.
Your stone body is resilient. (AC +4)
You are immune to poison.
You resist negative energy. (rN+)
You are resistant to electric shocks. (rElec)
You can survive without breathing.
You are immune to petrification.
You are immune to rotting.


Message History

You are too injured to fight recklessly!
You are too injured to fight recklessly!
You are too injured to fight recklessly!
You are too injured to fight recklessly!
You are too injured to fight recklessly!
You are too injured to fight recklessly!
Firing (i - inventory):
q - 53 sling bullets (quivered)
Press: ? - help, Shift-Dir - straight line, f/p - ogre
Aim: an ogre, wielding a giant spiked club (severely wounded)
You shoot a sling bullet. The sling bullet hits the ogre.
The ogre is severely wounded.
The ogre hits you with a giant spiked club!
* * * LOW HITPOINT WARNING * * *
Firing (i - inventory):
q - 52 sling bullets (quivered)
Press: ? - help, Shift-Dir - straight line, f/p - ogre
Aim: an ogre, wielding a giant spiked club (severely wounded)
You shoot a sling bullet.
The sling bullet barely misses the ogre.
The ogre hits you with a giant spiked club!
You die...

##..###(.#####.###
#(.((....( #....
#.#....... ####
#.#.####..#####...
#.#.#.............
#.#.#.##.####.#.##
#.#.#.#.#.#.)...#
#O#.#..###......##
#@......#.........
##......#.#......##
#................#
##......######.#.##
##....## #.#...
##.#.# #.#### #.#.#
#.# # #[#.#######.#
# #.#.........# #


You could see an ogre.

Vanquished Creatures
  An ogre (D:3)
  A bullfrog (D:4)
  5 orc priests
  5 orc wizards
  A bullfrog skeleton (D:4)
  4 worker ants (D:4)
  3 gnolls (D:4)
  8 adders
  2 oozes
  An adder skeleton (D:4)
  9 worms
  3 dart slugs
  2 leopard geckos
  17 orcs
  2 giant cockroaches
  3 goblins
  12 hobgoblins
  3 jackals (D:2)
  11 kobolds
  4 quokkas
  6 ball pythons
  8 bats
  5 frilled lizards
  4 rats
120 creatures vanquished.

Notes
Turn   | Place    | Note
-------+----------+-------------------------------------------
     0 | D:1      | MatthieuS the Gargoyle Fighter began the quest for the Orb.
     0 | D:1      | Reached XP level 1. HP: 14/14 MP: 1/1
    92 | D:1      | Reached XP level 2. HP: 19/19 MP: 2/2
   323 | D:1      | Reached XP level 3. HP: 23/23 MP: 3/3
   719 | D:2      | Found a glowing silver altar of Zin.
   871 | D:2      | You fall through a shaft for 2 floors!
   902 | D:4      | Reached skill level 4 in Armour
   902 | D:4      | Reached XP level 4. HP: 22/29 MP: 4/4
   984 | D:4      | Found a deep blue altar of Sif Muna.
   996 | D:4      | Reached XP level 5. HP: 27/33 MP: 5/5
  1162 | D:4      | Reached skill level 1 in Slings
  1733 | D:3      | Noticed an ogre
  1739 | D:3      | Killed an ogre
  1739 | D:3      | Reached skill level 5 in Armour
  1739 | D:3      | Reached XP level 6. HP: 26/38 MP: 6/6
  3550 | D:3      | Reached XP level 7. HP: 43/43 MP: 7/7
  3561 | D:3      | Reached skill level 6 in Armour
  4196 | D:3      | Found a hide-covered altar of Uskayaw.
  4753 | D:4      | Reached skill level 7 in Armour
  4856 | D:4      | Slain by an ogre

Vault maps used:
D:1:      ncdulo_halloftheorcs
D:2:      lemuel_round_altar, minmay_cut_off
D:3:      marbit_many_paths, minmay_snake_closets
D:4:      nicolae_overflow_crystal_walls, first_bread

Skill      XL: |  1  2  3  4  5  6  7 |
---------------+----------------------+-----
Polearms       | 2 3 |  3.3
Armour         | 4 5 7 |  7.1
Fighting       | 4 |  4.1
Slings         | 2 4 |  4.2
Shields        | |  3.2

Action                   |  1- 3 |  4- 6 |  7- 9 || total
-------------------------+-------+-------+-------++-------
Melee: Trident           |    94 |    45 |   143 ||   282
 Fire: Hunting sling     |    40 |   187 |    37 ||   264
  Use: Potion            |       |       |     1 ||     1
 Stab: Distracted        |       |       |     1 ||     1
  Eat: Bread ration      |       |     1 |       ||     1
       Chunk             |       |     2 |     4 ||     6
       Royal jelly       |       |     1 |       ||     1
Armor: Scale mail        |    30 |    63 |     2 ||    95
       Plate armour      |       |       |    62 ||    62
Dodge: Dodged            |    21 |    32 |    21 ||    74
Block: Shield            |    49 |    84 |    73 ||   206
